 Dungeon Crawl Stone Soup version 0.31-a0-229-g1fc7ce93e2 (webtiles) character file.

Game seed: 12603352524578090218

179 qw the Shooter (level 5, -4/30 HPs)
             Began as a Gargoyle Hexslinger on July 6, 2023.
             Killed by divine providence
             ... invoked by an orc priest
              (17 damage)
             ... on level 4 of the Dungeon.
             The game lasted 00:01:05 (2279 turns).

qw the Shooter (Gargoyle Hexslinger)                Turns: 2279, Time: 00:01:06

Health: -4/30      AC:  9    Str: 12    XL:     5   Next: 59%
Magic:  6/6        EV: 10    Int: 13    God:
Gold:   87         SH:  0    Dex: 14    Spells: 5/6 levels left

rFire   . . .        Y - +1 sling
rCold   . . .        (no shield)
rNeg    + . .        d - +0 ring mail
rPois   inf          (no helmet)
rElec   +            (no cloak)
rCorr   .            (no gloves)
SInv    .            (no boots)
Will    .....        (no amulet)
Stlth   +            (no ring)
HPRegen 0.25/turn    (no ring)
MPRegen 0.10/turn

%: no passive effects
@: no status effects
A: sickness immunity, AC +4, negative energy resistance 1, electricity
resistance, torment resistance 1, petrification resistance
a: no special abilities


You were on level 4 of the Dungeon.
You visited 1 branch of the dungeon, and saw 4 of its levels.

You collected 109 gold pieces.
You spent 22 gold pieces at shops.


Innate Abilities, Weirdness & Mutations

You are immune to sickness and miasma.
Your stone body is resilient. (AC +4)
You are immune to poison.
You resist negative energy. (rN+)
You are resistant to electric shocks. (rElec)
You are resistant to unholy torment.
You are immune to petrification.


   Skills:
 + Level 2.1 Fighting
 - Level 5.1 Ranged Weapons
 - Level 1.1 Armour
 - Level 1.5 Dodging
 - Level 1.0 Spellcasting
 - Level 2.6 Hexes


You had 5 spell levels left.
You knew the following spells:

 Your Spells              Type           Power      Damage    Failure   Level
a - Slow                  Hex            28%        N/A       22%         1

Your spell library contained the following spells:

 Spells                   Type           Power      Damage    Failure   Level
 Inner Flame              Hex/Fire       4%         N/A       73%         3
 Portal Projectile        Hex/Tloc       8%         N/A       73%         3
 Cause Fear               Hex            3%         N/A       91%         4

Inventory:

Hand Weapons
 Y - a +1 sling (weapon)
Armour
 d - a +0 ring mail (worn)
Scrolls
 e - a scroll of identify
 f - a scroll of teleportation
Potions
 a - a potion of enlightenment
 b - a potion of resistance {unknown}
 c - a potion of curing {unknown}
 h - a potion of might {unknown}

Dungeon Overview and Level Annotations

Branches:
Dungeon (4/15)
 Temple: D:4-7

Altars:

Shops:
D:2 *


Message History

Done exploring.
(D) Dungeon
Where to? (* - list waypoints, Enter - D:4, ? - help)
What level of the Dungeon? (default 1, ? - help)
You climb downwards.
There is a stone staircase leading up here.
An adder and an orc wizard come into view.
The orc wizard gestures wildly while chanting.
The orc wizard flickers and vanishes!
Deactivating autopickup; reactivate with Ctrl-A.
You hear a shout! x2
You shoot a sling bullet.
The sling bullet barely misses the adder.
An orc wizard comes into view. It is wielding a +0 dagger.
You shoot a sling bullet. The sling bullet misses the adder.
The adder bites you but does no damage.
An orc comes into view. It is wielding a +0 flail.
The adder bites you but does no damage.
A dart slug comes into view.
You shoot a sling bullet.
The sling bullet hits the adder but does no damage.
The adder closely misses you. The adder bites you but does no damage.
An orc priest comes into view. It is wielding a +0 morningstar.
You shoot a sling bullet. The sling bullet misses the adder.
The adder bites you but does no damage.
You shoot a sling bullet. The sling bullet hits the adder.
The adder is heavily wounded.
The adder bites you but does no damage. Something hits you.
The adder bites you.
You shoot a sling bullet.
The sling bullet closely misses the adder.
The adder closely misses you. Something hits you.
The adder bites you but does no damage.
You shoot a sling bullet. The sling bullet misses the adder.
Something hits you but does no damage.
The orc priest invokes the aid of Beogh against you.
Beogh smites you! The adder completely misses you.
The orc priest invokes the aid of Beogh against you.
Beogh smites you!
Ouch! That really hurt!
You die...

#... #..#
#..# #..#
#..# #.<#
#..# #..##
#S@.#
...oo.o#....#
###..w#
#...... #.#.
.##... #.##
## ## #


You could see an orc priest, an orc wizard, an adder, a dart slug and an orc.

Vanquished Creatures
  An orc priest (D:3)
  An orc wizard (D:3)
  2 adders
  4 gnolls
  4 worms (D:2)
  2 dart slugs
  4 orcs
  8 bats
  5 endoplasms
  4 hobgoblins
  A quokka (D:1)
  2 ball pythons
  4 frilled lizards
  4 goblins
  3 kobolds (D:2)
  6 rats
55 creatures vanquished.

Notes
Turn   | Place    | Note
-------+----------+-------------------------------------------
     0 | D:1      | qw the Gargoyle Hexslinger began the quest for the Orb.
     0 | D:1      | Reached XP level 1. HP: 12/12 MP: 2/2
     0 | D:1      | 0 ||| qw: Version: 0.3-a-46-gb1f654a
     0 | D:1      | 0 ||| qw: Game counter: 1464
     0 | D:1      | 0 ||| qw: Melee chars always use a shield: true
     0 | D:1      | 0 ||| qw: God list: Okawaru
     0 | D:1      | 0 ||| qw: Allow faded altars: false
     0 | D:1      | 0 ||| qw: Do Orc after clearing Dungeon:15 true
     0 | D:1      | 0 ||| qw: Do second Lair branch before Depths: true
     0 | D:1      | 0 ||| qw: Lair rune preference: random
     0 | D:1      | 0 ||| qw: Goals: Normal
     0 | D:1      | 0 ||| PLANNING D:1-11
    81 | D:1      | Reached skill level 3 in Ranged Weapons
    81 | D:1      | Reached XP level 2. HP: 10/16 MP: 3/3
   241 | D:1      | Reached XP level 3. HP: 17/21 MP: 4/4
   581 | D:1      | 581 ||| UPGRADING to +0 ring mail.
   591 | D:1      | 591 ||| DROPPING +0 robe.
   592 | D:1      | 592 ||| READING scroll labelled HAUVEFR RUSOE.
   593 | D:1      | 593 ||| READING 2 scrolls labelled DEUHIBLOGHO.
   598 | D:1      | 598 ||| READING scroll labelled JINKOH ZIDAGUFF.
   599 | D:1      | 599 ||| READING 2 scrolls labelled VEDOIZ IRIACEO.
   600 | D:1      | 600 ||| READING 2 scrolls labelled EDDEHI WOTIXEU.
   601 | D:1      | 601 ||| READING scroll labelled AQAVAU MATAFE.
   602 | D:1      | 602 ||| DROPPING scroll of poison.
   603 | D:1      | 603 ||| DROPPING scroll of noise.
   604 | D:1      | 604 ||| DROPPING scroll of fear.
   616 | D:2      | 616 ||| STAIRDANCE
   799 | D:2      | Found Zaymir's Assorted Antiques.
   804 | D:2      | 804 ||| SHOPLISTING 2 scrolls of enchant armour (375 gold,
                  | have 39).
   804 | D:2      | 804 ||| SHOPLISTING embroidered robe (92 gold, have 39).
   804 | D:2      | 804 ||| BUYING puce potion (22 gold).
   804 | D:2      | Bought a puce potion for 22 gold pieces
   804 | D:2      | 804 ||| SHOPLISTING scroll labelled IPNUTTOCKAO (25 gold,
                  | have 17).
   804 | D:2      | 804 ||| SHOPLISTING sparkling turquoise ring (125 gold,
                  | have 17).
   893 | D:2      | Reached XP level 4. HP: 24/26 MP: 5/5
   962 | D:2      | Reached skill level 4 in Ranged Weapons
  1159 | D:2      | 1159 ||| READING scroll labelled IPNUTTOCKAO.
  1160 | D:2      | 1160 ||| READING scroll labelled VEEMUQ ECREU.
  1161 | D:2      | 1161 ||| READING scroll labelled HUNOMME NOMODGH.
  1162 | D:2      | 1162 ||| DRINKING 2 golden potions.
  1267 | D:2      | 1267 ||| DROPPING potion of berserk rage.
  1287 | D:3      | 1287 ||| STAIRDANCE
  1295 | D:2      | Reached skill level 1 in Armour
  1326 | D:3      | 1326 ||| STAIRDANCE
  1383 | D:3      | 1383 ||| STAIRDANCE
  1730 | D:3      | 1730 ||| Stepping ~*~*~tactically~*~*~ (outnumbered).
  1732 | D:3      | 1732 ||| Stepping ~*~*~tactically~*~*~ (outnumbered).
  1745 | D:3      | Reached XP level 5. HP: 16/30 MP: 6/6
  1750 | D:3      | Reached skill level 5 in Ranged Weapons
  1870 | D:3      | 1870 ||| FLEEEEING.
  1872 | D:3      | 1872 ||| FLEEEEING.
  1873 | D:3      | 1873 ||| FLEEEEING.
  1874 | D:3      | 1874 ||| FLEEEEING.
  1875 | D:3      | 1875 ||| FLEEEEING.
  1876 | D:3      | 1876 ||| FLEEEEING.
  1877 | D:3      | 1877 ||| FLEEEEING.
  1878 | D:3      | 1878 ||| FLEEEEING.
  1879 | D:3      | 1879 ||| FLEEEEING.
  1880 | D:3      | 1880 ||| FLEEEEING.
  1881 | D:3      | 1881 ||| FLEEEEING.
  1882 | D:3      | 1882 ||| FLEEEEING.
  1883 | D:3      | 1883 ||| FLEEEEING.
  1884 | D:3      | 1884 ||| FLEEEEING.
  1885 | D:3      | 1885 ||| FLEEEEING.
  1886 | D:3      | 1886 ||| FLEEEEING.
  1887 | D:3      | 1887 ||| FLEEEEING.
  1888 | D:3      | 1888 ||| FLEEEEING.
  1889 | D:3      | 1889 ||| FLEEEEING.
  1890 | D:3      | 1890 ||| FLEEEEING.
  1891 | D:3      | 1891 ||| FLEEEEING.
  1892 | D:3      | 1892 ||| FLEEEEING.
  1893 | D:3      | 1893 ||| FLEEEEING.
  1894 | D:3      | 1894 ||| FLEEEEING.
  1895 | D:3      | 1895 ||| FLEEEEING.
  1896 | D:3      | 1896 ||| FLEEEEING.
  1897 | D:3      | 1897 ||| FLEEEEING.
  1898 | D:3      | 1898 ||| FLEEEEING.
  2196 | D:3      | 2196 ||| READING scroll labelled MILITT JIOZ.
  2217 | D:3      | 2217 ||| DRINKING 2 red potions.
  2242 | D:4      | 2242 ||| STAIRDANCE
  2279 | D:4      | Killed from afar by an orc priest

Levels and vault maps discovered:
D:1:      reono_arrival_forest_river, layout_rooms, minmay_misc_feat_room
D:2:      layout_rooms, serial_shops, nicolae_diamond_shop, minmay_tromino_v7
D:3:      layout_loops_ring
D:4:      layout_loops_ring, minmay_quantized, uniq_eustachio, uniq_pikel,
          uniq_grinder

Skill      XL: |  1  2  3  4  5 |
---------------+----------------+-----
Ranged Weapons | 3 4 5 |  5.1
Fighting       | 2 |  2.1
Armour         | 1 |  1.1
Dodging        | |  1.5
Spellcasting   | |  1.0
Hexes          | |  2.6

Action                     |  1- 3 |  4- 6 || total
---------------------------+-------+-------++-------
   Fire: Sling             |   123 |   122 ||   245
    Use: Scroll            |     6 |     4 ||    10
         Potion            |       |     2 ||     2
 Armour: Robe              |     8 |       ||     8
         Ring mail         |    29 |    54 ||    83
  Dodge: Dodged            |    53 |    52 ||   105

Table legend:
 A = Non-vault XP
 B = Vault XP
 C = Vault XP percentage of total XP
 D = Non-vault monster count
 E = Vault monster count
 F = Vault count percentage of total count
                 A         B        C        D         E       F
            +---------+---------+-------+---------+---------+-------
      Total |     250 |       6 |   2.3 |      51 |       4 |   7.3
            +---------+---------+-------+---------+---------+-------
        D:1 |      54 |       0 |   0.0 |      18 |       0 |   0.0
        D:2 |      70 |       6 |   7.9 |      19 |       4 |  17.4
        D:3 |     126 |       0 |   0.0 |      14 |       0 |   0.0
            +---------+---------+-------+---------+---------+-------
